 Dungeon Crawl Stone Soup version 0.17-a0-1976-g482a304 (webtiles) character file.

257685 Lysie the Ninja (level 19, -12/78 HPs)
             Began as a Spriggan Enchanter on Oct 4, 2015.
             Was the Champion of Okawaru.
             Mangled by a spriggan rider
             ... wielding a +0 spear
              (21 damage)
             ... on level 4 of the Swamp on Oct 5, 2015.
             The game lasted 03:53:03 (45257 turns).

Lysie the Ninja (Spriggan Enchanter)               Turns: 45257, Time: 03:53:03

Health: -12/78     AC:  9    Str:  5 (8)  XL:     19   Next: 48%
Magic:  0/29       EV: 42    Int: 14      God:    Okawaru [******]
Gold:   2847       SH: 10    Dex: 28      Spells: 7 memorised, 9 levels left

rFire  + + .     SeeInvis +     M - +9 quick blade (elec)
rCold  + . .     Clarity  .     F - +2 robe {rC+}
rNeg   + + +     SustAt   .     x - +1 buckler {rF+}
rPois  .         Gourm    .     b - +2 hat of Cowardice {rN+ Str+4 Int-2 Dex+4}
rElec  +         Spirit   +     Q - +2 cloak "Ner Sin" {rElec rCorr Int-2 Stlth+}
rCorr  +         Warding  .     (gloves unavailable)
rMut   .         Stasis   .     (boots unavailable)
MR     +++..                    A - amulet of Reimbursement {Spirit Dex+3}
Stlth  +++++++...               P - ring "Ysepn" {rF+ rN+++ Str-4 Slay+5}
                                a - +5 ring of slaying

@: about to teleport, very slightly contaminated, very quick, extremely
resistant to hostile enchantments, extremely stealthy
A: unfitting armour, molten scales 1, thin skeletal structure 1, see invisible,
deformed body, deterioration 1, herbivore 3, speed 3, slow regeneration 1, slow
metabolism 2
a: Heroism, Finesse, Renounce Religion
}: 1/15 runes: gossamer


You were on level 4 of the Swamp.
You worshipped Okawaru.
Okawaru was exalted by your worship.
You were not hungry.

You visited 6 branches of the dungeon, and saw 38 of its levels.
You also visited: Ossuary and Ice Cave.

You collected 5324 gold pieces.
You spent 2477 gold pieces at shops.

Inventory:

Hand Weapons
 G - the +8 dagger of Honour {pierce, Str+3 Int+4 Dex+2}
   (Okawaru gifted it to you on level 4 of the Spider Nest)

   It inflicts extra damage upon your enemies.
   It affects your strength (+3).
   It affects your intelligence (+4).
   It affects your dexterity (+2).
 M - a +9 quick blade of electrocution (weapon)
Armour
 b - the +2 hat of Cowardice (worn) {rN+ Str+4 Int-2 Dex+4}
   (You acquired it on level 4 of the Spider Nest)

   It affects your strength (+4).
   It affects your intelligence (-2).
   It affects your dexterity (+4).
   It protects you from negative energy.
 x - a +1 buckler of fire resistance (worn)
 F - a +2 robe of cold resistance (worn)
 N - a +2 hat of magic resistance
 Q - the +2 cloak "Ner Sin" (worn) {rElec rCorr Int-2 Stlth+}
   (You acquired it on level 12 of the Dungeon)

   It affects your intelligence (-2).
   It insulates you from electricity.
   It protects you from acid and corrosion.
   It makes you more stealthy.
Jewellery
 a - a +5 ring of slaying (left hand)
 l - a +5 ring of protection
 n - the amulet "Tutiapo" {Stasis Dex+4}
   (You took it off a deep elf annihilator on level 3 of the Elven Halls)

   [amulet of stasis]

   It prevents you from being teleported, slowed, hasted or paralysed.
   It affects your dexterity (+4).
 z - an uncursed ring of protection from fire
 A - the amulet of Reimbursement (around neck) {Spirit Dex+3}
   (You found it on level 5 of the Dungeon)

   [amulet of guardian spirit]

   It causes incoming damage to be split between your health and magic.
   It affects your dexterity (+3).
 B - an uncursed ring of protection from magic
 P - the ring "Ysepn" (right hand) {rF+ rN+++ Str-4 Slay+5}
   (You took it off a deep elf sorcerer on level 3 of the Elven Halls)

   [ring of protection from fire]

   It affects your strength (-4).
   It affects your accuracy and damage with ranged weapons and melee attacks
   (+5).
   It protects you from fire.
   It renders you almost immune to negative energy.
Wands
 y - a wand of digging (13)
Scrolls
 h - 9 scrolls of teleportation
 o - 2 scrolls of recharging
 D - a scroll of magic mapping
 E - 10 scrolls of amnesia
 I - 13 scrolls of remove curse
 L - 2 scrolls of holy word
 R - 2 scrolls of enchant armour
 S - a scroll of summoning
 T - 10 scrolls of identify
 W - 2 scrolls of enchant weapon
 Y - 3 scrolls of fog
Potions
 f - 3 potions of agility
 i - 12 potions of curing
 j - a potion of resistance
 k - a potion of magic {unknown}
 m - 7 potions of brilliance
 p - 6 potions of berserk rage
 r - a potion of cancellation
 s - a potion of haste
 v - 2 potions of cure mutation
 J - 10 potions of flight
 V - a potion of might
Books
 c - a book of Maledictions

   Spells                             Type                      Level
   a - Corona                         Hexes                        1
   b - Ensorcelled Hibernation        Hexes/Ice                    2
   c - Confuse                        Hexes                        3
   d - Tukima's Dance                 Hexes                        3
   e - Dazzling Spray                 Conjuration/Hexes            3
 e - a book of Party Tricks

   Spells                             Type                      Level
   a - Summon Butterflies             Summoning                    1
   b - Apportation                    Translocation                1
   c - Tukima's Dance                 Hexes                        3
   d - Alistair's Intoxication        Transmutation/Poison         4
   e - Invisibility                   Hexes                        6
 g - a book of Power

   Spells                             Type                      Level
   a - Fulminant Prism                Conjuration/Hexes            4
   b - Iskenderun's Mystic Blast      Conjuration                  4
   c - Venom Bolt                     Conjuration/Poison           5
   d - Bolt of Magma                  Conjuration/Fire/Earth       5
   e - Iron Shot                      Conjuration/Earth            6
   f - Orb of Destruction             Conjuration                  7
   g - Spellforged Servitor           Conjuration/Summoning        7
 w - a book of Spatial Translocations

   Spells                             Type                      Level
   a - Apportation                    Translocation                1
   b - Blink                          Translocation                2
   c - Shroud of Golubria             Charms/Translocation         2
   d - Portal Projectile              Translocation                3
   e - Teleport Other                 Translocation                3
   f - Passage of Golubria            Translocation                4
 C - a Fen Folio

   Spells                             Type                      Level
   a - Corpse Rot                     Necromancy                   2
   b - Stone Arrow                    Conjuration/Earth            3
   c - Leda's Liquefaction            Hexes/Earth                  4
   d - Summon Forest                  Summoning/Translocation      5
   e - Hydra Form                     Transmutation                6
   f - Summon Hydra                   Summoning                    7
 H - a book of Dreams

   Spells                             Type                      Level
   a - Ensorcelled Hibernation        Hexes/Ice                    2
   b - Phase Shift                    Translocation                5
   c - Shadow Creatures               Summoning                    5
   d - Silence                        Hexes/Air                    5
   e - Darkness                       Hexes                        6
   f - Mass Confusion                 Hexes                        6
 K - Sif Muna's Handbook of Glacial Combat Magic
   (You found it on level 3 of the Elven Halls)

   Spells                             Type                      Level
   a - Shock                          Conjuration/Air              1
   b - Freeze                         Ice                          1
   c - Ozocubu's Armour               Charms/Ice                   3
   d - Mephitic Cloud                 Conjuration/Poison/Air       3
   e - Conjure Ball Lightning         Conjuration/Air              6
   f - Ozocubu's Refrigeration        Ice                          6
 O - a book of Burglary

   Spells                             Type                      Level
   a - Swiftness                      Charms/Air                   2
   b - Passwall                       Transmutation/Earth          3
   c - Passage of Golubria            Translocation                4
   d - Lee's Rapid Deconstruction     Earth                        5
   e - Darkness                       Hexes                        6
   f - Invisibility                   Hexes                        6
 U - a book of Frost

   Spells                             Type                      Level
   a - Freeze                         Ice                          1
   b - Throw Frost                    Conjuration/Ice              2
   c - Ozocubu's Armour               Charms/Ice                   3
   d - Throw Icicle                   Conjuration/Ice              4
   e - Summon Ice Beast               Ice/Summoning                4
   f - Condensation Shield            Ice                          4
 X - an Akashic Record

   Spells                             Type                      Level
   a - Dispersal                      Translocation                6
   b - Controlled Blink               Translocation                7
   c - Malign Gateway                 Summoning/Translocation      7
   d - Disjunction                    Translocation                8
 Z - a book of Air

   Spells                             Type                      Level
   a - Shock                          Conjuration/Air              1
   b - Swiftness                      Charms/Air                   2
   c - Repel Missiles                 Charms/Air                   2
   d - Static Discharge               Conjuration/Air              3
   e - Lightning Bolt                 Conjuration/Air              5
Comestibles
 d - 15 bread rations


   Skills:
 + Level 17.7 Short Blades
 + Level 22.2 Dodging
 O Level 27 Stealth
 * Level 3.5 Shields
 - Level 6.6 Spellcasting
 - Level 19.3 Hexes


You had 9 spell levels left.
You knew the following spells:

 Your Spells              Type           Power        Failure   Level  Hunger
a - Corona                Hex            ######.      0%          1    None
b - Ensorcelled Hibernat  Hex/Ice        ####..       1%          2    #......
c - Dazzling Spray        Conj/Hex       ####....     1%          3    ##.....
d - Confuse               Hex            ######..     1%          3    ##.....
e - Invisibility          Hex            ######..     1%          6    #######
f - Silence               Hex/Air        ####......   12%         5    ######.
g - Swiftness             Chrm/Air       #.......     30%         2    #......


Dungeon Overview and Level Annotations

Branches:
Dungeon (15/15)            Temple (0/1) D:5            Lair (8/8) D:9
  Swamp (4/4) Lair:4       Spider (4/4) Lair:4        Slime (0/6) Lair:6
    Orc (4/4) D:10            Elf (3/3) Orc:4        Vaults (0/5) D:14
 Depths (0/5) D:15

Altars:
Ashenzari
Cheibriados
Dithmenos
Elyvilon
Fedhas
Gozag
Kikubaaqudgha
Makhleb
Nemelex Xobeh
Okawaru
Qazlal
Ru
Sif Muna
Vehumet
The Shining One
Jiyva

Shops:
D:5 ?   D:6 (}?   D:8 %   D:12 !   Orc:2 ?   Orc:4 [*:(   Elf:2 [}

Portals:
Hell: Lair:8

Annotations:
Elf:2 2 runed doors


Innate Abilities, Weirdness & Mutations

You are tiny and cannot use many weapons and most armour.
You have supernaturally acute eyesight.
You are a herbivore.
You cover ground extremely quickly.
You need consume almost no food.
You are partially covered in molten scales (AC +1).
You have a somewhat thin skeletal structure (Dex +2, Stealth).
Armour fits poorly on your strangely shaped body.
Your body sometimes deteriorates upon taking damage.
You regenerate slowly when monsters are visible.


Message History

You enter the shallow water.
Moving in this stuff is going to be slow.
Drink which item? (? for menu, Esc to quit)
You feel much better. You block the spriggan rider's attack.
You enter the shallow water.
Moving in this stuff is going to be slow.
The teleport trap disappears.
The spriggan rider disappears!
The spriggan rider hits you from afar with a spear!!
* * * LOW HITPOINT WARNING * * *
You block the spriggan rider's attack.
Read which item? (? for menu, Esc to quit)
As you read the scroll of teleportation, it crumbles to dust.
You feel strangely unstable.
The spriggan rider hits you from afar with a spear!
* * * LOW HITPOINT WARNING * * *
You block the spriggan rider's attack.
You enter the shallow water.
Moving in this stuff is going to be slow.
The spriggan rider hits you from afar with a spear!!
You die...

≈.≈≈♣♣.≈≈≈≈≈≈≈≈≈≈.......≈♣♣♣♣♣(≈≈
♣≈..♣†≈≈≈≈≈..≈≈≈.<♣♣..≈..♣♣♣♣..≈≈
♣♣.≈≈≈≈≈≈≈.≈≈.≈≈≈≈..≈≈≈≈≈..♣.≈≈≈≈
♣♣.≈≈.≈....≈..≈≈≈.≈≈.§≈≈≈.≈...≈≈
♣♣..≈≈.≈≈♣♣♣.≈≈.§..§≈≈≈≈...≈.≈≈
♣♣..≈..≈♣♣♣♣.≈≈..≈≈§≈≈≈.≈≈≈≈≈≈
♣♣...≈♣≈≈♣♣≈iii.......≈≈≈≈≈≈≈
♣♣≈≈≈♣≈≈≈♣≈.≈≈.≈≈≈♣♣♣♣♣.≈..≈†
♣.≈≈≈≈.≈≈..♣@...≈.≈♣ ♣..♣...
♣..§.≈.....§♣♣♣♣..♣♣ ♣.♣♣≈.≈
♣♣..≈♣♣♣....†...≈♣♣ ♣♣♣♣♣♣♣ ♣♣♣♣♣
♣♣.......♣♣ ♣♣♣♣♣♣♣♣♣


You could see 3 spriggan riders.

Vanquished Creatures
  Mara (Elf:3)
  Norris (Elf:3)
  Nikola (Elf:3)
  Asterion (Spider:1)
  3 deep elf blademasters
  2 deep elf master archers (Elf:3)
  Frances (Swamp:2)
  2 thorn hunters
  2 ghost moths (Spider:4)
  7 deep elf sorcerers (Elf:3)
  A large abomination (Elf:3)
  An orc warlord (Orc:4)
  Louise (Swamp:3)
  7 emperor scorpions
  5 deep elf demonologists (Elf:3)
  2 dire elephants (Lair:8)
  10 deep elf annihilators (Elf:3)
  3 deep elf death magi (Elf:3)
  4 vault guards (D:14)
  A fire dragon (D:15)
  3 deep elf high priests (Elf:3)
  15 hydras
  5 entropy weavers
  3 ice dragons
  5 centaur warriors
  7 alligators
  A catoblepas (D:14)
  A ghost crab (Swamp:2)
  11 death yaks
  18 dancing weapons (Elf:2)
  The ghost of Markus the Spear-Bearer, an experienced MfSk of Nemelex Xobeh (D:9)
  Urug (D:10)
  13 deep elf knights
  5 orc high priests
  A wizard (Lair:8)
  5 skeletal warriors (D:15)
  9 deep elf summoners
  A swamp dragon (Swamp:3)
  A shambling mangrove (Swamp:2)
  A death drake (Swamp:4)
  2 ice statues (IceCv)
  6 hill giants
  Pikel (D:4)
  3 griffons
  17 orb spiders
  10 ugly things
  8 orc sorcerers
  A phantasmal warrior (Swamp:4)
  4 orc knights
  33 wolf spiders
  10 deep elf conjurers
  6 hornets
  A cyclops (D:14)
  10 elephants
  3 manticores
  A cyclops (shapeshifter) (Elf:1)
  A smoke demon (Lair:8)
  A sixfirhy (Lair:8)
  6 black mambas
  Psyche (D:10)
  5 gargoyles
  3 kobold demonologists
  18 spiny frogs
  2 orange demons (Lair:8)
  12 demonic crawlers
  4 fire drakes
  4 swamp worm zombies (Swamp:4)
  13 komodo dragons
  8 trolls
  A hellwing (Lair:8)
  5 red devils (Lair:8)
  13 deep elf priests
  12 slime creatures
  A merfolk (shapeshifter) (Elf:3)
  2 two-headed ogres
  Grinder (D:4)
  12 giant leeches
  A blue devil (Lair:8)
  8 bog bodies
  6 boulder beetles
  24 jumping spiders
  5 alligator zombies (Swamp:4)
  15 blink frogs
  2 wraiths (D:14)
  Sigmund (D:2)
  A shadow (Swamp:4)
  A centaur simulacrum (D:14)
  A trapdoor spider (shapeshifter) (D:15)
  22 tarantellas
  59 redbacks
  30 trapdoor spiders
  52 yaks
  2 basilisks
  27 deep elf magi
  Eustachio (D:4)
  A wyvern (Lair:4)
  A steam dragon (D:15)
  24 deep elf fighters
  A hippogriff (shapeshifter) (D:14)
  14 vampire mosquitoes
  Menkaure (D:7)
  10 hippogriffs
  22 swamp worms
  4 wargs
  16 water moccasins
  Edmund (D:4)
  2 mottled dragons
  2 hell hounds (Lair:8)
  3 hungry ghosts
  7 insubstantial wisps
  23 wolves
  29 spiders
  10 porcupines
  Duvessa (D:7)
  26 ice beasts
  45 orc warriors
  A slave (D:4)
  3 swamp drakes
  2 phantoms
  6 black bears
  2 necrophages
  9 wasps
  An eye of draining (D:10)
  13 ogres
  The ghost of ldierk the Insei, an average DgTm (D:3)
  22 centaurs
  19 crocodiles
  3 sky beasts
  A brain worm (D:15)
  An elf zombie (Ossuary)
  A gnoll sergeant (D:10)
  5 big kobolds
  25 giant frogs
  Dowan (D:7)
  2 wyvern zombies
  A wyvern skeleton (D:14)
  A water moccasin zombie (D:11)
  2 scorpions
  8 wights
  9 crimson imps
  9 centaur zombies
  8 electric eels
  4 giant frog zombies
  9 killer bees
  A quasit (D:9)
  26 orc priests
  9 hounds
  7 centaur skeletons
  6 giant frog skeletons
  3 jellies
  41 orc wizards
  12 iguanas
  4 worker ants
  32 sheep
  2 mummies (Ossuary)
  A hound skeleton (D:4)
  A worker ant zombie (D:4)
  4 gnolls (D:10)
  46 river rats
  6 adders
  A shadow imp (D:14)
  4 oozes
  4 adder zombies
  An adder skeleton (D:4)
  4 worms
  215 orcs
  3 ball pythons
  5 giant cockroaches
  7 hobgoblins
  9 jackals
  7 quokkas
  8 bats
  A giant cockroach zombie (D:4)
  3 giant geckos
  3 giant newts
  9 goblins
  A goblin skeleton (D:9)
  20 hobgoblin zombies
  4 jackal zombies (Ossuary)
  21 kobolds
  2 kobold skeletons (D:9)
  6 kobold zombies
  10 orc zombies
  A quokka skeleton (D:4)
  8 rats
  A rat zombie (Ossuary)
  2 crawling corpses (Elf:3)
  3 fungi (Spider:2)
1638 creatures vanquished.

Vanquished Creatures (collateral kills)
  A giant gecko (D:4)
1 creature vanquished.

Vanquished Creatures (others)
  A slime creature (Swamp:4)
  A centaur (D:14)
  A human (D:4)
  5 fungi
  2 plants
10 creatures vanquished.

Grand Total: 1649 creatures vanquished

Notes
Turn   | Place    | Note
--------------------------------------------------------------
     0 | D:1      | Lysie the Spriggan Enchanter began the quest for the Orb.
     0 | D:1      | Reached XP level 1. HP: 9/9 MP: 5/5
    90 | D:1      | Reached XP level 2. HP: 13/13 MP: 6/6
   479 | D:2      | Reached XP level 3. HP: 16/16 MP: 8/8
   487 | D:2      | Noticed Sigmund
   494 | D:2      | Killed Sigmund
   494 | D:2      | Reached skill level 5 in Dodging
   494 | D:2      | Reached XP level 4. HP: 21/21 MP: 9/9
   494 | D:2      | Reached XP level 5. HP: 24/24 MP: 10/10
   854 | D:2      | Reached skill level 5 in Short Blades
   875 | D:2      | Learned a level 2 spell: Ensorcelled Hibernation
   890 | D:2      | Learned a level 3 spell: Dazzling Spray
   895 | D:2      | Learned a level 3 spell: Confuse
  1379 | D:3      | Found a faded altar to an unknown god.
  1448 | D:3      | Found a stormy altar of Qazlal.
  1736 | D:3      | Noticed ldierk's ghost (average DgTm)
  1763 | D:4      | Found an ancient bone altar of Kikubaaqudgha.
  1766 | D:4      | Reached skill level 6 in Dodging
  1766 | D:4      | Reached XP level 6. HP: 28/28 MP: 1/11
  1869 | D:3      | Killed ldierk's ghost
  2207 | D:4      | Noticed a human
  2209 | D:4      | Killed a human
  2228 | D:4      | Noticed Eustachio
  2230 | D:4      | Found a snail-covered altar of Cheibriados.
  2232 | D:4      | Found a radiant altar of Vehumet.
  2239 | D:4      | Found a shadowy altar of Dithmenos.
  2247 | D:4      | Killed Eustachio
  2247 | D:4      | Reached skill level 7 in Dodging
  2247 | D:4      | Reached XP level 7. HP: 21/32 MP: 3/12
  2258 | D:4      | Found a sacrificial altar of Ru.
  2260 | D:4      | Found a shattered altar of Ashenzari.
  2261 | D:4      | Found a white marble altar of Elyvilon.
  2261 | D:4      | Found an iron altar of Okawaru.
  2402 | D:4      | Became a worshipper of Warmaster Okawaru
  2412 | D:4      | Noticed a necrophage
  2431 | D:5      | Entered Level 5 of the Dungeon
  2575 | D:4      | Killed a necrophage
  2884 | D:4      | Reached skill level 8 in Dodging
  3062 | D:4      | Noticed Edmund
  3063 | D:4      | Noticed a slave
  3070 | D:4      | Killed Edmund
  3071 | D:4      | Noticed Grinder
  3101 | D:4      | Killed Grinder
  3101 | D:4      | Acquired Okawaru's first power
  3101 | D:4      | Reached skill level 9 in Dodging
  3101 | D:4      | Reached XP level 8. HP: 25/35 MP: 1/13
  3236 | D:4      | Noticed a slave
  3239 | D:4      | Noticed Pikel
  3428 | D:4      | Killed a slave
  3439 | D:4      | Noticed a slave
  3443 | D:4      | Noticed a slave
  3462 | D:4      | Killed Pikel
  3462 | D:4      | Reached skill level 10 in Dodging
  4399 | D:5      | Found a blossoming altar of Fedhas.
  4462 | D:5      | Reached skill level 11 in Dodging
  4596 | D:5      | Got a slimy crystal amulet
  4600 | D:5      | Identified the amulet of Reimbursement {Spirit Dex+3} (You found it on level 5 of the Dungeon)
  4843 | D:5      | Found a staircase to the Ecumenical Temple.
  4936 | D:5      | Reached XP level 9. HP: 35/38 MP: 7/15
  5032 | D:5      | Found Ybuossigg's Magic Scroll Shoppe.
  5044 | D:5      | Bought a scroll of enchant weapon for 97 gold pieces
  5044 | D:5      | Bought a scroll of enchant weapon for 97 gold pieces
  5232 | D:6      | Found a sparkling altar of Nemelex Xobeh.
  5332 | D:6      | Found Upaosiwu's Magic Scroll Shop.
  5440 | D:6      | Reached skill level 12 in Dodging
  5584 | D:6      | Found Kosay's Gadget Emporium.
  5760 | D:6      | Reached skill level 5 in Hexes
  5975 | D:6      | Found Onudugim's Antique Weapon Shoppe.
  6132 | D:7      | Noticed Menkaure
  6452 | D:7      | Killed Menkaure
  6452 | D:7      | Reached skill level 5 in Spellcasting
  6517 | D:7      | Noticed Dowan
  6520 | D:7      | Noticed Duvessa
  6535 | D:7      | Killed Duvessa
  6542 | D:7      | Killed Dowan
  6665 | D:7      | Found a sand-covered staircase.
  6679 | Ossuary  | Entered an ossuary
  7607 | D:8      | Reached skill level 13 in Dodging
  7911 | D:8      | Found an opulent altar of Gozag.
  8367 | D:8      | Found Warerina's Food Boutique.
  8469 | D:8      | Reached XP level 10. HP: 38/43 MP: 14/20
  8620 | D:8      | Reached skill level 5 in Stealth
  8827 | D:9      | Found a glowing golden altar of the Shining One.
  8864 | D:9      | Noticed Markus's ghost (experienced MfSk)
  8915 | D:9      | Killed Markus's ghost
  8940 | D:9      | Found a deep blue altar of Sif Muna.
  8989 | D:10     | Entered Level 10 of the Dungeon
  9579 | D:10     | Reached skill level 14 in Dodging
  9891 | D:10     | Acquired Okawaru's second power
  9932 | D:9      | Reached skill level 10 in Stealth
  9959 | D:9      | Found a staircase to the Lair.
 10247 | D:9      | Reached XP level 11. HP: 47/47 MP: 21/21
 10268 | D:9      | Received a gift from Okawaru
 10445 | D:9      | Noticed a hill giant
 10452 | D:9      | Killed a hill giant
 11286 | D:10     | Found a staircase to the Orcish Mines.
 11504 | D:10     | Noticed Urug
 11508 | D:10     | Killed Urug
 11607 | D:10     | Noticed Psyche
 11648 | D:10     | Killed Psyche
 11937 | Orc:1    | Entered Level 1 of the Orcish Mines
 12062 | Orc:1    | Reached skill level 15 in Stealth
 12150 | Orc:2    | Reached skill level 15 in Dodging
 12204 | Orc:2    | Received a gift from Okawaru
 12261 | Orc:2    | Found Goptesti's Magic Scroll Boutique.
 13177 | Orc:3    | Reached XP level 12. HP: 47/51 MP: 22/22
 13189 | Orc:3    | Reached skill level 16 in Stealth
 13236 | Orc:4    | Entered Level 4 of the Orcish Mines
 13274 | Orc:4    | Reached skill level 10 in Hexes
 13328 | Orc:4    | Found Payti's Book Shop.
 13552 | Orc:4    | Found Dodoej's General Store.
 13577 | Orc:4    | Found Dibbitass's Antique Weapon Emporium.
 13746 | Orc:4    | Reached skill level 17 in Stealth
 13988 | Orc:4    | Bought a scroll of identify for 32 gold pieces
 14025 | Orc:4    | Found a staircase to the Elven Halls.
 14052 | Orc:4    | Bought a book of Party Tricks for 850 gold pieces
 14059 | Orc:4    | Learned a level 6 spell: Invisibility
 14373 | Orc:4    | Found Wug Basch's Antique Armour Shoppe.
 14373 | Orc:4    | Noticed an orc warlord
 14905 | Orc:4    | Reached skill level 18 in Stealth
 14949 | Orc:4    | Killed an orc warlord
 16286 | D:11     | Received a gift from Okawaru
 16543 | D:11     | Reached skill level 19 in Stealth
 16739 | D:12     | Found Wiqeckaidil's Distillery.
 16999 | D:12     | Reached XP level 13. HP: 43/55 MP: 2/23
 17462 | D:12     | Reached skill level 20 in Stealth
 17658 | D:12     | Identified a scroll of acquirement
 17659 | D:12     | Got a scorched cloak
 17665 | D:12     | Identified the +2 cloak "Ner Sin" {rElec rCorr Int-2 Stlth+} (You acquired it on level 12 of the Dungeon)
 17969 | D:13     | Found a frozen archway.
 18063 | IceCv    | Entered an ice cave
 18769 | IceCv    | Reached skill level 21 in Stealth
 18772 | IceCv    | Received a gift from Okawaru
 19964 | D:14     | Reached skill level 22 in Stealth
 20062 | D:14     | Found a gate to the Vaults.
 20391 | D:14     | Reached XP level 14. HP: 59/59 MP: 19/24
 20668 | D:14     | Received a gift from Okawaru
 20834 | D:14     | Found a shadowy altar of Dithmenos.
 20961 | D:14     | Reached skill level 23 in Stealth
 21095 | D:15     | Entered Level 15 of the Dungeon
 22313 | D:15     | Found a staircase to the Depths.
 22315 | D:15     | Reached skill level 24 in Stealth
 22755 | Elf:1    | Entered Level 1 of the Elven Halls
 22770 | Elf:1    | Received a gift from Okawaru
 22783 | Elf:1    | Got an ancient lajatang {god gift}
 22784 | Elf:1    | Identified the +7 lajatang of the Candle {vamp, rElec} (Okawaru gifted it to you on level 1 of the Elven Halls)
 22793 | Elf:1    | Found a radiant altar of Vehumet.
 23820 | Elf:1    | Gained mutation: You are partially covered in molten scales (AC +1). [potion of beneficial mutation]
 23821 | Elf:1    | Gained mutation: You have a somewhat thin skeletal structure (Dex +2, Stealth). [potion of beneficial mutation]
 23932 | Elf:1    | Received a gift from Okawaru
 23933 | Elf:1    | Reached skill level 25 in Stealth
 24322 | Elf:2    | Reached XP level 15. HP: 63/63 MP: 25/25
 24489 | Elf:2    | Found Cukli's Antique Armour Boutique.
 24492 | Elf:2    | Bought an embroidered cloak for 126 gold pieces
 24533 | Elf:2    | Found a large runed door.
 24533 | Elf:2    | Found a large runed door.
 24558 | Elf:2    | Found a large runed door.
 24558 | Elf:2    | Found a large runed door.
 24773 | Elf:2    | Found Geypn's Gadget Shop.
 24979 | Elf:2    | Noticed a deep elf blademaster
 24990 | Elf:2    | Killed a deep elf blademaster
 25014 | Elf:2    | Reached skill level 26 in Stealth
 25722 | Orc:4    | Bought a book of Dreams for 1275 gold pieces
 25728 | Orc:4    | Learned a level 5 spell: Silence
 25781 | Elf:3    | Entered Level 3 of the Elven Halls
 25850 | Elf:3    | Noticed Norris
 25855 | Elf:3    | Killed Norris
 25855 | Elf:3    | Reached skill level 27 in Stealth
 26022 | Elf:3    | Reached skill level 15 in Hexes
 26033 | Elf:3    | Received a gift from Okawaru
 26044 | Elf:3    | Got a brightly glowing shortbow {god gift}
 26049 | Elf:3    | Identified the +0 shortbow of Okawaru's Anger {speed, rPois Int+3} (Okawaru gifted it to you on level 3 of the Elven Halls)
 26379 | Elf:3    | Noticed Nikola
 26382 | Elf:3    | Killed Nikola
 26387 | Elf:3    | Reached XP level 16. HP: 67/67 MP: 26/26
 26401 | Elf:3    | Reached skill level 10 in Short Blades
 26553 | Elf:3    | Noticed a deep elf blademaster
 26592 | Elf:3    | Received a gift from Okawaru
 26758 | Elf:3    | Noticed Mara
 26797 | Elf:3    | Killed a deep elf blademaster
 26971 | Elf:3    | Noticed a deep elf master archer
 27051 | Elf:3    | Got a clouded tin ring
 27082 | Elf:3    | Received a gift from Okawaru
 27399 | Elf:3    | Got a crude amethyst amulet
 27500 | Elf:3    | Upgraded the game from 0.17-a0-1954-g0dddeaa to 0.17-a0-1976-g482a304
 27505 | Elf:3    | Noticed an Executioner
 27567 | Elf:3    | Gained mutation: Armour fits poorly on your strangely shaped body. [a neqoxec]
 27627 | Elf:3    | Noticed a deep elf master archer
 27660 | Elf:3    | Killed a deep elf master archer
 27771 | Elf:3    | Noticed a Shadow Fiend
 27816 | Elf:3    | Killed a deep elf master archer
 27842 | Elf:3    | Got a steaming pewter amulet
 27865 | Elf:3    | Identified the ring "Ysepn" {rF+ rN+++ Str-4 Slay+5} (You took it off a deep elf sorcerer on level 3 of the Elven Halls)
 27867 | Elf:3    | Identified the amulet of Qonoshru {rCorr *Corrode +Inv rF+} (You took it off a deep elf summoner on level 3 of the Elven Halls)
 27869 | Elf:3    | Identified the amulet of Divine Intervention {Gourm rPois rF+ rC- Int+5} (You took it off a deep elf annihilator on level 3 of the Elven Halls)
 27897 | Elf:3    | Gained mutation: You regenerate slowly when monsters are visible. [mutagenic glow]
 28115 | Elf:3    | Noticed a deep elf blademaster
 28131 | Elf:3    | Killed a deep elf blademaster
 28610 | Elf:3    | Got a coiled tin amulet
 28823 | Elf:3    | Received a gift from Okawaru
 28886 | Elf:3    | Noticed Lysie's illusion
 28948 | Elf:3    | Killed Lysie's illusion
 28979 | Elf:3    | Noticed Lysie's illusion
 28989 | Elf:3    | Killed Mara
 29038 | Elf:3    | Got a bound bone ring
 29098 | Elf:3    | Identified Sif Muna's Handbook of Glacial Combat Magic
 29288 | Elf:3    | Reached XP level 17. HP: 70/70 MP: 27/27
 29604 | Lair:1   | Entered Level 1 of the Lair of Beasts
 29800 | Lair:1   | Identified the amulet "Tutiapo" {Stasis Dex+4} (You took it off a deep elf annihilator on level 3 of the Elven Halls)
 29810 | Lair:1   | Identified the ring "Guoghopsudi" {Ice *Corrode Str+7 Dex+3} (You took it off a deep elf annihilator on level 3 of the Elven Halls)
 29968 | Lair:1   | You fall through a shaft!
 31534 | Lair:3   | Received a gift from Okawaru
 32128 | Lair:4   | Found a staircase to the Swamp.
 32205 | Lair:4   | Found a hole to the Spider Nest.
 32802 | Lair:5   | Learned a level 2 spell: Swiftness
 33580 | Lair:6   | Found a snail-covered altar of Cheibriados.
 33814 | Lair:6   | Found a runed door.
 33815 | Lair:6   | Found a viscous altar of Jiyva.
 34084 | Lair:6   | Found a staircase to the Slime Pits.
 35558 | Lair:8   | Entered Level 8 of the Lair of Beasts
 35665 | Lair:8   | Received a gift from Okawaru
 35958 | Lair:8   | Found a burning altar of Makhleb.
 36007 | Lair:8   | Found a gateway to Hell.
 36402 | Lair:8   | Reached skill level 15 in Short Blades
 37111 | Spider:1 | Entered Level 1 of the Spider Nest
 37235 | Spider:1 | Noticed Asterion
 37240 | Spider:1 | Killed Asterion
 37240 | Spider:1 | Received a gift from Okawaru
 37240 | Spider:1 | Reached XP level 18. HP: 72/74 MP: 28/28
 39707 | Spider:3 | Received a gift from Okawaru
 39711 | Spider:3 | Got a steaming dagger {god gift}
 39712 | Spider:3 | Identified the +6 dagger of Fixinkeo {pierce, *Rage Int+2 Stlth+} (Okawaru gifted it to you on level 3 of the Spider Nest)
 40230 | Spider:4 | Entered Level 4 of the Spider Nest
 40577 | Spider:4 | Got a jewelled hat
 40588 | Spider:4 | Identified the +2 hat of Cowardice {rN+ Str+4 Int-2 Dex+4} (You acquired it on level 4 of the Spider Nest)
 40624 | Spider:4 | Gained mutation: Your body sometimes deteriorates upon taking damage. [mutagenic glow]
 40654 | Spider:4 | Received a gift from Okawaru
 40658 | Spider:4 | Got a sapphire dagger {god gift}
 40689 | Spider:4 | Identified the +8 dagger of Honour {pierce, Str+3 Int+4 Dex+2} (Okawaru gifted it to you on level 4 of the Spider Nest)
 41335 | Spider:4 | Got a gossamer rune of Zot
 41370 | Spider:4 | Received a gift from Okawaru
 41618 | Swamp:1  | Entered Level 1 of the Swamp
 41623 | Swamp:1  | Reached XP level 19. HP: 51/78 MP: 29/29
 41916 | Swamp:1  | Reached skill level 1 in Shields
 42953 | Swamp:2  | Noticed Frances
 42960 | Swamp:2  | Killed Frances
 43272 | Swamp:3  | Noticed Louise
 43277 | Swamp:3  | Killed Louise
 44342 | Swamp:4  | Entered Level 4 of the Swamp
 45257 | Swamp:4  | Mangled by a spriggan rider

Vault maps used:
D:1:      mrwooster_arrival_arrow
D:2:      uniq_sigmund
D:3:      nicolae_overflow_hidden_temple, ecumenical_altar_1
D:4:      grunt_temple_overflow_open, first_bread, serial_undead,
          serial_undead_a, serial_undead_b, serial_undead_f, serial_undead_f,
          minmay_tree_intersection, tgw_kikubaaqudgha, uniq_edmund,
          uniq_eustachio, uniq_grinder, uniq_pikel
D:5:      fedhas_bush_and_centaur_altar, temple_doors_e, serial_shops, shop,
          kennysheep_decorative_pillar
D:6:      old_standard_altar, serial_shops, nicolae_shop_behind_doors,
          shop_statue, shop_fountains, dk_noncrumbling_3
D:7:      enter_ossuary_5, uniq_duvessa, uniq_menkaure
D:8:      grunt_gozag_breadcrumbs, serial_shops, shop, grunt_ogre_cave
D:9:      nicolae_tso_besieged_by_evil, overflow_temple_1_default,
          minmay_lair_entry_grove, enter_bailey_3
D:10:     erik_orc_2, uniq_psyche, uniq_urug
D:11:     nrook_uturn
D:12:     serial_shops, nicolae_shop_stone
D:13:     portal_ice_cave_entry_ice_beasts
D:14:     lightli_vaults_fourway_checkpoint, nicolae_dithmenos_shadow_blocks,
          spider_trap
D:15:     grunt_enter_depths_hoard
Lair:2:   lemuel_fruit_fields, lemuel_fruit_tree, grunt_megastairs_3,
          serial_bayou_shore_a, serial_bayou_shore_b
Lair:3:   grunt_megastairs_4
Lair:4:   swamp_mist_pool, dummy_spider_entry, infiniplex_staircase_pool_2
Lair:5:   hangedman_lair_unloving_vines, serial_bayou_pond_a, minmay_holes
Lair:6:   slime_altar_2, basic_altar
Lair:8:   evil_forest, fungi_pond_lemuel, minmay_hedge_maze,
          grunt_forest_large_clearings
Swamp:1:  serial_swamp_ruin, evilmike_swamp_ruin_rubble_2,
          evilmike_swamp_ruin_wall, evilmike_swamp_ruin_house_5
Swamp:2:  evilmike_swamp_ruin_house_1, uniq_frances
Swamp:3:  hangedman_swamp_ruin_wall, uniq_louise
Swamp:4:  swamp_pestilence
Spider:1: uniq_asterion
Spider:2: spider_trap, spiders_nest_spider_trap
Spider:3: spider_trap, nicolae_spider_cling_ruins
Spider:4: grunt_spider_rune_circles
Orc:2:    serial_shops, nicolae_shop_temple_entry_statues_fountains
Orc:3:    nicolae_orc_pool_cavern
Orc:4:    grunt_orc_gardens, grunt_orc_garden, grunt_orc_garden,
          grunt_orc_garden, grunt_orc_garden
Elf:1:    eino_elf_arrival_altar, minivault_28
Elf:2:    serial_shops, nicolae_shop_behind_doors, shop
Elf:3:    elf_hall, uniq_norris, uniq_mara, uniq_nikola
Ossuary:  ossuary_tomb_1
IceCv:    ice_cave_small_dragons

Action                   |  1- 3 |  4- 6 |  7- 9 | 10-12 | 13-15 | 16-18 | 19-21 || total
-------------------------+-------+-------+-------+-------+-------+-------+-------++-------
Melee: Dagger            |    40 |   118 |   162 |       |       |       |       ||   320
       Short sword       |       |       |   382 |   279 |       |       |       ||   661
       Quick blade       |       |       |       |   933 |  1060 |  1730 |   331 ||  4054
 Cast: Ensorcelled Hiber |       |    14 |    35 |    84 |    46 |    46 |    14 ||   239
       Confuse           |       |     9 |    24 |     6 |    26 |     1 |       ||    66
       Dazzling Spray    |       |       |    14 |    79 |    25 |    40 |     6 ||   164
       Invisibility      |       |       |       |     2 |    11 |    24 |     7 ||    44
       Silence           |       |       |       |       |       |    16 |       ||    16
Invok: Heroism           |       |       |     8 |    11 |    16 |    17 |     3 ||    55
       Finesse           |       |       |       |       |       |     1 |       ||     1
Evoke: Wand              |       |       |       |     2 |       |       |       ||     2
  Use: Scroll            |       |     1 |     7 |    14 |     8 |    16 |     4 ||    50
       Potion            |       |       |     1 |     5 |     5 |    14 |     6 ||    31
 Stab: Sleeping          |    13 |    28 |    27 |    92 |   113 |   208 |    40 ||   521
       Confused          |       |     4 |     8 |     6 |    11 |       |       ||    29
       Invisible         |       |       |     3 |    50 |    68 |   125 |    38 ||   284
       Distracted        |       |       |     3 |     6 |     3 |    18 |     1 ||    31
       Petrifying        |       |       |       |       |     1 |       |       ||     1
  Eat: Bread ration      |       |     1 |     1 |     1 |     3 |     3 |     1 ||    10
       Fruit             |       |       |     3 |     6 |     3 |    19 |     4 ||    35
       Pizza             |       |       |     1 |       |     1 |     3 |     1 ||     6
